 Dungeon Crawl Stone Soup version 0.25-a0-949-gdd2af9e06e (webtiles) character file.

Game seed: 1267565177244391458, levelgen mode: deterministic

25 HoaS the Ruffian (level 3, -1/24 HPs)
             Began as a Gargoyle Berserker on May 8, 2020.
             Was a Follower of Trog.
             Slain by an iguana (12 damage)
             ... on level 2 of the Dungeon.
             The game lasted 00:01:44 (1610 turns).

HoaS the Ruffian (Gargoyle Berserker)               Turns: 1610, Time: 00:01:44

Health: -1/24      AC:  5    Str: 21    XL:     3   Next: 4%
Magic:  3/3        EV: 12    Int:  7    God:    Trog [*.....]
Gold:   51         SH:  0    Dex:  9    Spells: 2/2 levels left

rFire    . . .     SeeInvis .     - Unarmed
rCold    . . .     Gourm    .   (no shield)
rNeg     + . .     Faith    .   a - +0 animal skin
rPois    ∞         Spirit   .   (no helmet)
rElec    +         Reflect  .   (no cloak)
rCorr    .         Harm     .   (no gloves)
MR       .....                  (no boots)
Stlth    +.........             (no amulet)
HPRegen  0.08/turn              (no ring)
MPRegen  0.08/turn              (no ring)

@: no status effects
A: negative energy resistance 1, electricity resistance, unbreathing,
petrification resistance, rot immunity, AC +3
a: Berserk, Renounce Religion


You were on level 2 of the Dungeon.
You worshipped Trog.
Trog was aware of your devotion.
You were not hungry.

You visited 1 branch of the dungeon, and saw 2 of its levels.

You collected 51 gold pieces.

Inventory:

Missiles
 i - 31 poisoned darts (quivered)
Armour
 a - a +0 animal skin (worn)
Scrolls
 g - a scroll of teleportation {unknown}
 h - a scroll of enchant weapon {unknown}
 j - a scroll of fear {unknown}
 k - a scroll of remove curse {unknown}
 l - 2 scrolls of identify {unknown}
Potions
 d - 2 potions of heal wounds {unknown}
 e - a potion of stabbing {unknown}
 f - a potion of haste {unknown}
Comestibles
 b - 2 rations
 c - a chunk of flesh


   Skills:
 + Level 3.7 Fighting
 - Level 2.1 Armour
 - Level 1.5 Dodging
 * Level 3.8 Unarmed Combat


You had 2 spell levels left.
You didn't know any spells.
Your spell library was empty.

Dungeon Overview and Level Annotations

Branches:
Dungeon (2/15)

Altars:
Fedhas
Hepliaklqana


Innate Abilities, Weirdness & Mutations

You are resistant to torment.
Your stone body is resilient. (AC +3)
You are immune to poison.
You resist negative energy. (rN+)
You are resistant to electric shocks. (rElec)
You can survive without breathing.
You are immune to petrification.
You are immune to rotting.


Message History

The iguana barely misses you.
You hit the iguana.
The iguana is heavily wounded.
The iguana bites you.
You closely miss the iguana.
The iguana is heavily wounded.
The iguana misses you.
You barely miss the iguana.
The iguana is heavily wounded.
The iguana bites you!
You are too injured to fight recklessly!
You are too injured to fight recklessly!
You hit the iguana but do no damage.
The iguana is heavily wounded.
The iguana bites you but does no damage.
You hit the iguana.
The iguana is almost dead.
The iguana bites you!
Ouch! That really hurt!
You die...

####### #.....#
##########.....# #..
............
#.####.####÷...#
#.##.....##..<.#
#.#.).....#..###
#########.#.......#..#
......l@......_......#
≈≈≈..####.#.......#..#
≈≈. #.#.......#.## _
##.##.....##.#
..###..####.####..#
≈.........÷..).....#
....##.#.#.#...##....
... #...............
.. #.###.#.######


You could see an iguana.

Vanquished Creatures
  2 leopard geckos
  3 goblins (D:1)
  3 hobgoblins (D:1)
  5 kobolds
  4 bats
  4 rats (D:1)
21 creatures vanquished.

Notes
Turn   | Place    | Note
-------+----------+-------------------------------------------
     0 | D:1      | HoaS the Gargoyle Berserker began the quest for the Orb.
     0 | D:1      | Reached XP level 1. HP: 14/14 MP: 1/1
   683 | D:1      | Reached XP level 2. HP: 19/19 MP: 2/2
  1344 | D:2      | Found a hazy altar of Hepliaklqana.
  1508 | D:2      | Reached XP level 3. HP: 17/24 MP: 3/3
  1604 | D:2      | Found a blossoming altar of Fedhas.
  1610 | D:2      | Slain by an iguana

Levels and vault maps discovered:
D:1:      dpeg_arrival_pits, layout_basic, kennysheep_boxes
D:2:      layout_loops_ring, fedhas_altar_2, bloody_makhleb,
          grunt_qazlal_clouds, old_standard_altar, st_stairs_6

Action                   || total
-------------------------++-------
Melee: Unarmed           ||   101
  Eat: Chunk             ||     2
Armor: Animal skin       ||    31
Dodge: Dodged            ||    53

Table legend:
 A = Non-vault XP
 B = Vault XP
 C = Vault XP percentage of total XP
 D = Non-vault monster count
 E = Vault monster count
 F = Vault count percentage of total count
                 A         B        C        D         E       F
            +---------+---------+-------+---------+---------+-------
      Total |      36 |       0 |   0.0 |      21 |       0 |   0.0
            +---------+---------+-------+---------+---------+-------
        D:1 |      27 |       0 |   0.0 |      16 |       0 |   0.0
        D:2 |       9 |       0 |   0.0 |       5 |       0 |   0.0
            +---------+---------+-------+---------+---------+-------
